 Dungeon Crawl Stone Soup version 0.27-a0-668-gb5737ff2c0 (webtiles) character file.

Game seed: 13531877622231687045

44 theanonym the Sneak (level 3, -1/29 HPs)
             Began as a Mummy Delver on Mar 17, 2021.
             Was an Initiate of Ru.
             Slain by an orc priest
             ... wielding a +0 vorpal flail
              (3 damage)
             ... on level 4 of the Dungeon.
             The game lasted 00:01:46 (876 turns).

theanonym the Sneak (Mummy Delver)                   Turns: 876, Time: 00:01:46

Health: -1/29      AC:  5    Str: 16    XL:     3   Next: 41%
Magic:  3/3        EV: 11    Int:  9    God:    Ru [......]
Gold:   0          SH:  0    Dex: 13    Spells: 2/2 levels left

rFire    x . .     SeeInvis .   a - +0 mace
rCold    + . .     Faith    .   (no shield)
rNeg     + + +     Spirit   .   g - +0 ring mail
rPois    ∞         Reflect  .   (no helmet)
rElec    .         Harm     .   (no cloak)
rCorr    .         Rampage  .   (no gloves)
Will     .....                  (no boots)
Stlth    ++........             (no amulet)
HPRegen  0.09/turn              (no ring)
MPRegen  0.08/turn              (no ring)

@: no status effects
A: cold resistance 1, negative energy resistance 3, torment resistance 2,
unbreathing 1, heat vulnerability 1, no potions
a: Renounce Religion


Innate Abilities, Weirdness & Mutations

You are immune to poison.
Your flesh is cold resistant. (rC+)
You are immune to negative energy. (rN+++)
You are immune to unholy pain and torment.
You can survive without breathing.
You are vulnerable to heat. (rF-)
You do not drink.


   Skills:
 + Level 3.5 Fighting
 * Level 2.7 Maces & Flails
 - Level 1.5 Dodging
 - Level 4.1 Stealth


You had 2 spell levels left.
You didn't know any spells.
Your spell library was empty.

Skill      XL: |  1 |
---------------+----+-----
Maces & Flails | 2 |  2.7
Fighting       | |  3.5
Dodging        | |  1.5
Stealth        | |  4.1

Action                   || total
-------------------------++-------
Melee: Mace              ||    38
  Use: Scroll            ||     1
 Stab: Sleeping          ||     1
Armor: Leather armour    ||     3
       Ring mail         ||     3
Dodge: Dodged            ||    29

Inventory:

Hand Weapons
 a - a +0 mace (weapon)
Armour
 b - a +0 leather armour
 g - a +0 ring mail (worn)
Wands
 c - a wand of digging (3)
Scrolls
 d - a scroll of blinking {unknown}
 f - a scroll of fog
 y - a scroll of magic mapping


You were on level 4 of the Dungeon.
You worshipped Ru.
Ru was noncommittal.
You visited 1 branch of the dungeon, and saw 3 of its levels.

Dungeon Overview and Level Annotations

Branches:
Dungeon (5/15)
 Temple: D:4-7

Altars:
Ru

#..........###...(..........##.
###.#.....## #...<[............
#.#......# ##......###.......
####.....# #...#..#.#....h##
###...# ##..#...........# ##.##
##.###...#..###... ###
##...###.##..# ##..#.#...#..##
. ####...@....##...# ...
#......o.....#...#....
#.####.....#.......###
#.#####..###....##... #...#
####÷...#..#.#
#.#.#####<....#.>.#
#.≈.≈...#.....#....#
#≈.≈.≈.............#
##...#.....##...#....


You could see an orc priest.

Notes
Turn   | Place    | Note
-------+----------+-------------------------------------------
     0 | D:5      | theanonym the Mummy Delver began the quest for the Orb.
     0 | D:5      | Reached XP level 1. HP: 18/18 MP: 1/1
    30 | D:5      | HP: 9/18 [worker ant zombie (5)]
    35 | D:5      | HP: 7/18 [worker ant zombie (3)]
    39 | D:5      | Reached skill level 2 in Maces & Flails
    39 | D:5      | Reached XP level 2. HP: 10/24 MP: 2/2
   322 | D:4      | HP: 10/24 [hound (6)]
   325 | D:4      | Reached XP level 3. HP: 12/29 MP: 3/3
   520 | D:3      | HP: 13/29 [orc priest/divine providence (16)]
   521 | D:3      | HP: 3/29 [orc priest/divine providence (10)]
   819 | D:4      | Found a sacrificial altar of Ru.
   827 | D:4      | Became a worshipper of Ru the Awakened
   875 | D:4      | HP: 14/29 [orc priest/+0 vorpal flail (5)]
   876 | D:4      | HP: 2/29 [orc priest/+0 vorpal flail (11)]
   876 | D:4      | Slain by an orc priest

Vanquished Creatures
  A hound (D:4)
  A worker ant zombie (D:5)
  2 giant cockroaches (D:4)
  A quokka (D:4)
  A rat (D:4)
6 creatures vanquished.

Vanquished Creatures (others)
  9 plants (D:4)
  A withered plant (D:5)
10 creatures vanquished.

Grand Total: 16 creatures vanquished

Table legend: (Time is in decaauts)
 A = Elapsed time spent in this place.
 B = Non-inter-level travel time spent in this place.
 C = Inter-level travel time spent in this place.
 D = Time resting spent in this place.
 E = Time spent auto-exploring this place.
 F = Levels seen in this place.
 G = Mean time per level.
                   A        B        C        D        E       F      G
               +--------+--------+--------+--------+--------+-----+--------+
         Total |    888 |    888 |      0 |    624 |     32 |   3 |  296.0 |
       Dungeon |    888 |    888 |      0 |    624 |     32 |   3 |  296.0 |
               +--------+--------+--------+--------+--------+-----+--------+

Top non-repeatable levels by time:
     D:4: 619 daAuts
     D:5: 253 daAuts
     D:3: 15 daAuts
